 Dungeon Crawl Stone Soup version 0.31-a0-1616-gbeaec30b81 (webtiles) character file.

Game seed: 11567851934799782787

4384 timneilson the Ruffian (level 10, -1/69 HPs)
             Began as an Octopode Shapeshifter on Jan 10, 2024.
             Slain by a hornet (16 damage)
             ... on level 8 of the Dungeon.
             The game lasted 00:16:45 (5828 turns).

timneilson the Ruffian (Octopode Shapeshifter)      Turns: 5828, Time: 00:16:45

Health: -1/69      AC:  1    Str: 17    XL:     10   Next: 35%
Magic:  10/10      EV: 16    Int: 12    God:
Gold:   1323       SH:  0    Dex: 13    Spells: 9/9 levels left

rFire   . .          .
                       - Unarmed
rCold   . . .        (no shield)
rNeg    + . .        (helmet currently unavailable)
rPois   .            n - amulet of regeneration
rElec   .            i - ring of positive energy
rCorr   .            (no ring)
SInv    .            (no ring)
Will    .....        (no ring)
Stlth   ++++         (no ring)
HPRegen 1.11/turn    (no ring)
MPRegen 0.12/turn    (no ring)
                     (no ring)

%: no passive effects
@: lethally poisoned (-1 -> -6), beast-form, slowed, very slow
A: beast (slay +3), almost no armour, amphibious, 8 rings, camouflage 1,
gelatinous body 1, (nimble swimmer 1), tentacles
a: Begin Untransformation


You were on level 8 of the Dungeon.
You were a hulking beast.
You visited 2 branches of the dungeon, and saw 9 of its levels.
You also visited: Sewer.

You collected 1323 gold pieces.

Inventory:

Armour
 z - a +1 tower shield
Jewellery
 i - a ring of positive energy (left tentacle)
 k - a ring of ice
 n - an amulet of regeneration (around mantle)
Talismans
 b - a beast talisman
 c - a flux talisman
 B - a serpent talisman
Wands
 r - a wand of quicksilver (3)
 t - a wand of polymorph (9)
 v - a wand of flame (30)
 y - a wand of digging (4)
Scrolls
 e - 2 scrolls of noise
 f - 3 scrolls of teleportation
 h - 5 scrolls of enchant weapon
 o - a scroll of immolation
 q - a scroll of amnesia
Potions
 a - a potion of lignification
 d - a potion of resistance
 g - a potion of magic
 l - a potion of brilliance
 m - a potion of enlightenment {unknown}
 p - a potion of haste {unknown}
 s - a potion of degeneration {unknown}
 u - a potion of attraction {unknown}


   Skills:
 * Level 6.7 Fighting
 * Level 7.0 Dodging
 + Level 6.7 Stealth
 * Level 7.4 Unarmed Combat
 + Level 3.6 Evocations
 * Level 6.9 Shapeshifting


You had 9 spell levels left.
You didn't know any spells.
Your spell library contained the following spells:

 Spells                   Type           Power      Damage    Failure   Level
 Dazzling Flash           Conj/Hex       0%         N/A       69%         3
 Stone Arrow              Conj/Erth      0%         3d7       69%         3
 Volatile Blastmotes      Fire/Tloc      0%         2d10      69%         3
 Cause Fear               Hex            0%         N/A       97%         4
 Fireball                 Conj/Fire      0%         3d3       100%        5
 Starburst                Conj/Fire      0%         6d3       100%        6
 Lehudib's Crystal Spear  Conj/Erth      0%         10d2      100%        8
 Maxwell's Capacitive Co  Air            0%         ∞         100%        8
 Dragon's Call            Summ           0%         N/A       100%        9
 Animate Armour           Summ/Erth      Unusable   N/A       N/A         4

Dungeon Overview and Level Annotations

Branches:
Dungeon (8/15)             Temple (1/1) D:6           Sewer (visited)
   Lair: D:8-11

Altars:
Ashenzari
Cheibriados
Dithmenos
Elyvilon
Fedhas
Hepliaklqana
Kikubaaqudgha
Makhleb
Nemelex Xobeh
Okawaru
Qazlal
Ru
Sif Muna
Trog
Uskayaw
Vehumet
Wu Jian
Xom
Yredelemnul
Zin
The Shining One
Jiyva

Shops:
D:5 :


Innate Abilities, Weirdness & Mutations

You are a hulking beast.
Your limbs bulge with bestial killing power. (Slay +3)
You cannot wear most types of armour.
You are amphibious.
You can wear up to eight rings at the same time.
Your skin changes colour to match your surroundings (Stealth+).
Your rubbery body absorbs attacks. (AC +1, EV +1)
((You are camouflaged when in or above water. (Stealth+)))
You have tentacles for arms and can constrict up to eight enemies at once.


Message History

a +0 halberd; a +0 whip; a gnoll corpse
Found 8 gold pieces.
You now have 1323 gold pieces (gained 8).
Found 2 poisoned darts.
Found 4 stones.
A hornet comes into view.
The hornet stings you!
You are poisoned.
You feel yourself slow down.
You miss the hornet. Your grab misses the hornet.
You feel very sick. The hornet closely misses you.
The hornet barely misses you.
You bludgeon the hornet! You grab the hornet. You squeeze the hornet.
The hornet is moderately wounded.
You feel yourself speed up.
You constrict the hornet, but do no damage.
You feel sick. The hornet completely misses you. The hornet stings you!
You are more poisoned.
You feel yourself slow down.
You tentacle-slap the hornet.
The hornet is heavily wounded.
You constrict the hornet.
You feel very sick. The hornet misses you. The hornet stings you.
You are more poisoned.
You feel as though you will be slow longer.
You closely miss the hornet.
The hornet is heavily wounded.
You constrict the hornet, but do no damage.
You feel very sick. The hornet stings you!
* * * LOW HITPOINT WARNING * * *
You feel as though you will be slow longer.
The hornet misses you.
You tentacle-slap the hornet.
The hornet is severely wounded.
You constrict the hornet.
You feel very sick. The hornet stings you!
You die...

#.. #####.###
.......# #.....#
#....(# #.....#
######.....#
......yh...###
#.###.##.....# #
#####.# ###.#####
#.......# ###
#.#.###.# ..#
#.#######.#.###.#.
#.#
#.................#
#.#######
#######.#.#####.#..


You could see a hornet.

Vanquished Creatures
  Pikel (D:7)
  Jeremiah (D:7)
  A komodo dragon (D:8)
  7 yaks (D:8)
  A steam dragon (D:6)
  2 orc warriors
  2 sky beasts
  2 water moccasins (D:7)
  An ice beast (D:7)
  2 black bears
  A centaur (D:5)
  A crocodile (Sewer)
  4 lemures (D:7)
  2 bullfrogs (D:8)
  2 scorpions
  4 jellies (D:8)
  2 hounds
  5 bombardier beetles
  2 gnoll boudas
  6 orc priests
  3 iguanas
  3 orc wizards
  13 gnolls
  5 adders
  A white imp (D:6)
  3 dart slugs
  2 ribbon worms (D:2)
  17 orcs
  8 ball pythons
  6 endoplasms
  2 giant cockroaches
  6 goblins
  5 hobgoblins
  4 jackals (Sewer)
  2 quokkas
  5 bats
  5 frilled lizards
  13 kobolds
  7 rats
159 creatures vanquished.

Notes
Turn   | Place    | Note
-------+----------+-------------------------------------------
     0 | D:1      | timneilson the Octopode Shapeshifter began the quest for
                  | the Orb.
     0 | D:1      | Reached XP level 1. HP: 13/13 MP: 1/1
    58 | D:1      | Reached XP level 2. HP: 17/18 MP: 2/2
    94 | D:1      | Reached skill level 1 in Stealth
   313 | D:1      | Reached XP level 3. HP: 23/23 MP: 3/3
   352 | D:1      | Found a faded altar of an unknown god.
   918 | D:2      | Reached XP level 4. HP: 12/29 MP: 4/4
  2000 | D:3      | Reached XP level 5. HP: 24/34 MP: 5/5
  2053 | D:3      | Found a shadowy altar of Dithmenos.
  2373 | D:3      | Reached XP level 6. HP: 41/41 MP: 6/6
  2642 | D:4      | Identified the +0 robe of Makhleb {Archmagi}
  3005 | D:4      | Identified a scroll of acquirement
  3008 | D:4      | Acquired 887 gold pieces
  3021 | D:5      | Entered Level 5 of the Dungeon
  3025 | D:5      | Reached XP level 7. HP: 40/46 MP: 7/7
  3151 | D:5      | Found an ancient bone altar of Kikubaaqudgha.
  3173 | D:5      | Found an iron altar of Okawaru.
  3182 | D:5      | Found a glowing drain.
  3200 | Sewer    | Entered a sewer
  3293 | Sewer    | Reached skill level 5 in Unarmed Combat
  3293 | Sewer    | Reached XP level 8. HP: 7/54 MP: 8/8
  3505 | D:5      | Found Vieclysh's Book Shoppe.
  3860 | D:6      | Found a snail-covered altar of Cheibriados.
  3865 | D:6      | Found a basalt altar of Yredelemnul.
  3910 | D:6      | Reached skill level 5 in Shapeshifting
  4137 | D:6      | Found a staircase to the Ecumenical Temple.
  4145 | Temple   | Entered the Ecumenical Temple
  4256 | D:6      | Reached skill level 5 in Dodging
  4512 | D:7      | Reached skill level 5 in Stealth
  4512 | D:7      | Reached skill level 1 in Evocations
  4549 | D:7      | Reached skill level 5 in Fighting
  4549 | D:7      | Reached XP level 9. HP: 17/61 MP: 9/9
  4593 | D:7      | Found a shimmering blue altar of Sif Muna.
  4600 | D:7      | Noticed Jeremiah
  4983 | D:7      | Killed Jeremiah
  5202 | D:8      | Found a viscous altar of Jiyva.
  5236 | D:7      | Noticed Pikel
  5341 | D:7      | Killed Pikel
  5647 | D:8      | Noticed a komodo dragon
  5699 | D:8      | Reached XP level 10. HP: 68/68 MP: 10/10
  5828 | D:8      | Slain by a hornet

Illustrated notes

Levels and vault maps discovered:
D:1:      lightli_arrival_flooded_house, layout_basic,
          hellmonk_ecumenical_altar_pennies_from_heaven
D:2:      layout_basic, minmay_gold_behind_fungi, kennysheep_decorative_pillar,
          roderic_lattice_a, nicolae_titane
D:3:      layout_rooms, overflow_temple_1_default, minmay_misc_feat_iff
D:4:      layout_gridville
D:5:      layout_basic, mainiacjoe_overflow_alcove_4, lemuel_round_altar,
          serial_shops, nicolae_shop_real_fake_doors,
          cheibrodos_sewer_entry_drain
D:6:      layout_basic, yredelemnul_altar_generic,
          mainiacjoe_overflow_concentric_impassable,
          minmay_temple_entry_butterflies
D:7:      layout_cave_pools, mainiacjoe_overflow_chevrons, uniq_jeremiah,
          uniq_pikel
D:8:      layout_loops_cross, grunt_lair_entry_orc_guard_hut, jiyva_altar_1
Temple:   nicolae_temple_bog_church

Skill      XL: |  1  2  3  4  5  6  7  8  9 10 |
---------------+-------------------------------+-----
Stealth        | 1 2 3 4 5 6 |  6.7
Fighting       | 2 3 4 5 6 |  6.7
Dodging        | 3 4 5 6 7 |  7.0
Unarmed Combat | 4 5 7 |  7.4
Shapeshifting  | 4 5 6 |  6.9
Evocations     | 1 3 |  3.6

Action                     |  1- 3 |  4- 6 |  7- 9 | 10-12 || total
---------------------------+-------+-------+-------+-------++-------
  Melee: Unarmed           |    70 |   104 |   239 |    30 ||   443
         Constrict         |    20 |    26 |    46 |     1 ||    93
         Tentacles         |    14 |    24 |    64 |    11 ||   113
         Punch             |       |     3 |    10 |     1 ||    14
  Evoke: Wand              |       |       |     4 |       ||     4
    Use: Scroll            |     2 |    10 |     4 |       ||    16
         Potion            |       |     6 |     2 |     1 ||     9
   Stab: Sleeping          |     8 |    12 |     5 |       ||    25
 Armour: Skin              |    16 |    61 |   145 |    13 ||   235
  Dodge: Dodged            |    33 |    47 |   125 |    16 ||   221

Table legend: (Time is in decaauts)
 A = Elapsed time spent in this place.
 B = Non-inter-level travel time spent in this place.
 C = Inter-level travel time spent in this place.
 D = Time resting spent in this place.
 E = Time spent auto-exploring this place.
 F = Levels seen in this place.
 G = Mean time per level.
                   A        B        C        D        E       F      G
               +--------+--------+--------+--------+--------+-----+--------+
         Total |   5790 |   5606 |    184 |    496 |   3198 |  10 |  579.0 |
       Dungeon |   5605 |   5421 |    184 |    454 |   3157 |   8 |  700.6 |
        Temple |      1 |      1 |      0 |      0 |      0 |   1 |    1.0 |
         Sewer |    183 |    183 |      0 |     42 |     41 |   1 |  183.0 |
               +--------+--------+--------+--------+--------+-----+--------+

Top non-repeatable levels by time:
     D:2: 1188 daAuts
     D:7: 953 daAuts
     D:1: 720 daAuts
     D:5: 617 daAuts
     D:6: 607 daAuts
     D:4: 580 daAuts
     D:3: 520 daAuts
     D:8: 418 daAuts
   Sewer: 183 daAuts
  Temple: 1 daAuts
